AoeStats
← Sidnarref

Arena

509644168Analyzed
1v1 RM · 6d ago on Sep 27, 2026· 50m 16s· 2 players
Game mode
Random Map
Map size
Tiny (2 player)
Population
200
Speed
Normal
Resources
Standard
Victory
Conquest
Starting age
Dark Age
Ending age
Imperial Age
RankedLock teamsTeams togetherTeam positionsShared explorationLock speedFull tech treeHidden civsTurbo modeCheats
Victory
Defeat
🇹🇭 Bohemians · Thailand
803
+17
🇬🇧 Ethiopians · United Kingdom
830
-17
Sultan
10:32 Feudal Age
14:14 Double-Bit Axe
18:36 Castle Age
18:55 Wheelbarrow
23:40 Horse Collar
24:20 Bow Saw
31:57 Imperial Age
31:08 Chemistry
32:12 Hand Cart
35:29 Forging
35:24 Squires
34:49 Pikeman
35:42 Elite Skirmisher
37:56 Elite Hussite Wagon
40:26 Iron Casting
39:43 Fletching
39:54 Padded Archer Armor
Sidnarref
12:24 Feudal Age
13:45 Wheelbarrow
12:52 Horse Collar
12:59 Double-Bit Axe
13:55 Loom
17:45 Castle Age
16:09 Stone Mining
19:09 Bow Saw
24:34 Fortified Wall
25:49 Ballistics
25:44 Gold Mining
27:38 Hand Cart
27:15 Crossbowman
28:00 Thumb Ring
33:38 Imperial Age
31:11 Light Cavalry
31:52 Husbandry
32:56 Gold Shaft Mining
32:56 Stone Shaft Mining
32:54 Squires
33:15 Padded Archer Armor
33:26 Forging
34:00 Masonry
33:43 Fletching
35:21 Two-Man Saw
34:23 Heavy Plow
33:51 Arbalester
34:48 Leather Archer Armor
35:08 Conscription
35:16 Scale Mail Armor
35:20 Onager
36:30 Elite Shotel Warrior
37:35 Cavalier
37:47 Hussar
38:47 Bodkin Arrow
39:22 Ring Archer Armor
39:29 Iron Casting
40:12 Bracer
41:14 Elite Shotel Warrior
41:54 Cavalier
50:27 Bracer
50:43 Chain Mail Armor
51:28 Blast Furnace
Connection lost

Rejoining the realm…

Still unreachable

The connection could not be restored.

Session expired

The server has moved on; the page needs a fresh start.